 Dungeon Crawl Stone Soup version 0.29.1-debian-4-g95531337e3 (webtiles) character file.

Game seed: 12045916146394727195

644 Malachi the Cutter (level 7, -1/50 HPs)
             Began as a Demonspawn Brigand on Sept 13, 2022.
             Succumbed to a gnoll's poison
             ... on level 5 of the Dungeon.
             The game lasted 00:07:40 (5251 turns).

Malachi the Cutter (Demonspawn Brigand)             Turns: 5251, Time: 00:07:41

Health: -1/50      AC: 13    Str: 11    XL:     7   Next: 27%
Magic:  2/2        EV: 10    Int: 13    God:
Gold:   208        SH:  3    Dex: 16    Spells: 6/6 levels left

rFire   + . .      SeeInvis .   c - +2 short sword (antimagic)
rCold   . . .      Faith    .   v - +0 buckler
rNeg    + . .      Spirit   .   r - +0 leather armour
rPois   .          Reflect  .   h - +0 helmet
rElec   .          Harm     .   k - +1 cloak
rCorr   .          Rampage  .   n - +0 pair of gloves {Stlth+}
Will    .....                   (no boots)
Stlth   +++.......              (no amulet)
HPRegen 0.16/turn               w - ring of positive energy
MPRegen 0.08/turn               i - ring of protection from fire

@: lethally poisoned (-1 -> -22), sanguine armoured, hasted, very quick
A: ignite blood 2, sanguine armour 1, weakness stinger 1
a: no special abilities


You were on level 5 of the Dungeon.
You visited 1 branch of the dungeon, and saw 5 of its levels.

You collected 271 gold pieces.
You spent 63 gold pieces at shops.

Inventory:

Hand Weapons
 a - a +2 dagger
 c - a +2 antimagic short sword (weapon)
Missiles
 d - 18 poisoned darts (quivered)
 e - 3 curare-tipped darts
 l - 3 silver javelins
Armour
 h - a +0 helmet (worn)
 k - a +1 cloak (worn)
 n - a +0 pair of gloves of stealth (worn)
 r - a +0 leather armour (worn)
 v - a +0 buckler (worn)
Jewellery
 i - a ring of protection from fire (right hand)
 p - a +6 ring of intelligence
 w - a ring of positive energy (left hand)
Scrolls
 b - 2 scrolls of vulnerability
 j - a scroll of enchant weapon
 o - 2 scrolls of immolation
 s - 3 scrolls of teleportation
 x - a scroll of magic mapping
Potions
 f - 3 potions of heal wounds {unknown}
 g - 4 potions of haste
 m - 2 potions of degeneration {unknown}
 q - a potion of curing {unknown}
 u - 2 potions of ambrosia {unknown}
 z - a potion of lignification {unknown}


   Skills:
 - Level 2.0 Fighting
 + Level 7.5 Short Blades
 - Level 1.7 Throwing
 - Level 0.8 Dodging
 - Level 3.6 Stealth


You had 6 spell levels left.
You didn't know any spells.
Your spell library contained the following spells:

 Spells                   Type           Power      Damage    Failure   Level
 Cigotuvi's Dreadful Rot  Necr/Pois/Air  0%         N/A       65%         2
 Poisonous Vapours        Pois/Air       0%         N/A       65%         2


Dungeon Overview and Level Annotations

Branches:
Dungeon (5/15)
 Temple: D:4-7

Altars:
Hepliaklqana
Makhleb
Qazlal
Uskayaw

Shops:
D:3 [

Annotations:
D:3 3 runed translucent doors, Yosebu's ghost, amateur HOMo
D:4 2 transporters, Westside's ghost, amateur MiFi


Innate Abilities, Weirdness & Mutations

Your demonic aura often causes spilled blood to erupt in flames.
When seriously injured, your blood forms armour. (AC +6)
You have a small tail.


Message History

The gnoll is moderately wounded.
You feel sick.
You hit the gnoll.
The gnoll is heavily wounded.
The gnoll barely misses you. The gnoll hits you with a +0 club.
You block the gnoll's attack.
You hit the gnoll.
The gnoll is almost dead.
You feel sick.
The gnoll hits you with a +1 whip of venom.
You are more poisoned.
The ice beast closely misses you.
The gnoll is engulfed in blazing flames.
You kill the gnoll!
The gnoll hits you but does no damage.
You are more poisoned.
You feel very sick.
The gnoll hits you from afar with a +1 spear of venom.
You are more poisoned.
The gnoll attacks as you move away! The gnoll hits you but does no damage.
You are lethally poisoned!
Your blood congeals into armour.
You feel extremely sick.
You feel very sick. The ice beast attacks as you move away!
You block the ice beast's attack. The gnoll attacks as you move away!
The gnoll hits you with a +1 whip of venom.
* * * LOW HITPOINT WARNING * * *
You feel very sick.
* * * LOW HITPOINT WARNING * * *
You feel very sick.
The ice beast hits you but does no damage.
The ice beast attacks as you move away! You block the ice beast's attack.
The gnoll attacks as you move away! The gnoll hits you but does no damage.
You are more poisoned.
* * * LOW HITPOINT WARNING * * *
You feel very sick.
Okay, then.
It was a potion of haste.
You feel yourself speed up.
You die...

..## #... #........#
...##..# #........#
##......# #........#
...#.#..# ##.#.#####
........#####)#.#
#.....#.......# .#####
###..#.>.....# #......##
##............#
........###.@####.......#
.........##Y## #.......#
........<#.g# #.......#
.........g.## #.......#
.........g## #.......#
.........### .<........
....>......# #..........
......°.g#..!..
.........######


You could see an ice beast and 3 gnolls.

Vanquished Creatures
  A black bear (D:5)
  An ogre (D:5)
  3 scorpions
  A crimson imp (D:4)
  Terence (D:2)
  An iguana (D:5)
  An orc wizard (D:4)
  A gnoll (D:5)
  9 adders
  A white imp (D:4)
  A worm (D:4)
  3 dart slugs
  4 orcs (D:4)
  7 ball pythons
  4 bats
  7 endoplasms (D:1)
  3 giant cockroaches
  4 goblins
  7 hobgoblins
  7 jackals
  11 kobolds
  4 quokkas
  A frilled lizard (D:3)
  7 rats
90 creatures vanquished.

Notes
Turn   | Place    | Note
-------+----------+-------------------------------------------
     0 | D:1      | Malachi the Demonspawn Brigand began the quest for the Orb.
     0 | D:1      | Reached XP level 1. HP: 16/16 MP: 1/1
    32 | D:1      | Reached skill level 2 in Short Blades
    68 | D:1      | Gained mutation: Your demonic aura sometimes causes spilled
                  | blood to erupt in flames. [demonic ancestry]
    68 | D:1      | Reached XP level 2. HP: 14/22 MP: 2/2
   432 | D:1      | Reached skill level 3 in Short Blades
   691 | D:1      | Gained mutation: When seriously injured, your blood forms
                  | armour. (AC +6) [demonic ancestry]
   691 | D:1      | Reached XP level 3. HP: 27/27 MP: 3/3
  1723 | D:2      | Noticed Terence
  1730 | D:2      | Killed Terence
  1731 | D:2      | Reached skill level 4 in Short Blades
  1731 | D:2      | Reached XP level 4. HP: 23/33 MP: 1/4
  2233 | D:3      | Found a faded altar of an unknown god.
  2420 | D:3      | Identified the +1 leather armour "Hicij" {rElec rN+}
  2509 | D:3      | Found a stormy altar of Qazlal.
  2530 | D:3      | Found a hazy altar of Hepliaklqana.
  2532 | D:3      | Found a burning altar of Makhleb.
  2663 | D:3      | Found a hide-covered altar of Uskayaw.
  3132 | D:3      | Found a runed translucent gate.
  3132 | D:3      | Found a runed translucent gate.
  3136 | D:3      | Found Kapuzuex's Armour Boutique.
  3148 | D:3      | Bought a +0 buckler for 63 gold pieces
  3160 | D:3      | Found a runed translucent gate.
  3161 | D:3      | Noticed Yosebu's ghost (amateur HOMo)
  3246 | D:4      | Reached XP level 5. HP: 38/38 MP: 1/5
  3284 | D:4      | Found a transporter.
  3288 | D:4      | Noticed Westside's ghost (amateur MiFi)
  3477 | D:4      | Found Karet's Antique Armour Shoppe.
  3533 | D:4      | Found a transporter.
  3535 | D:4      | Noticed an ogre
  3536 | D:4      | Noticed an ogre
  3600 | D:4      | Reached skill level 5 in Short Blades
  4012 | D:4      | Gained mutation: Your demonic aura often causes spilled
                  | blood to erupt in flames. [demonic ancestry]
  4012 | D:4      | Reached XP level 6. HP: 41/44 MP: 2/6
  4169 | D:4      | Reached skill level 6 in Short Blades
  4796 | D:5      | Entered Level 5 of the Dungeon
  4827 | D:5      | Reached skill level 7 in Short Blades
  4827 | D:5      | Gained mutation: You have a small tail. [demonic ancestry]
  4827 | D:5      | Reached XP level 7. HP: 7/50 MP: 2/7
  5251 | D:5      | Succumbed to a gnoll's poison

Illustrated notes

Levels and vault maps discovered:
D:1:      enne_arrival_octagon_isle, layout_basic, minmay_heptomino_w4
D:2:      layout_rooms, grunt_decor_one_mirror, corner_web_ring, uniq_terence
D:3:      layout_basic, nicolae_overflow_hidden_temple,
          gammafunk_temple_overflow_forgotten, gammafunk_ghost_necromancy,
          hellmonk_ecumenical_altar_arch_garden, serial_shops,
          nicolae_shop_window_shopping
D:4:      layout_loops_corners, gammafunk_ghost_smash, serial_shops, shop,
          minmay_fire_ice_demons
D:5:      layout_rooms, minmay_temple_entry_mist,
          hellmonk_ghost_happy_afterlife, serial_shops, shop_fountains,
          uniq_menkaure, uniq_grinder

Skill      XL: |  1  2  3  4  5  6 |
---------------+-------------------+-----
Short Blades   | 2 3 4 5 7 |  7.5
Fighting       | |  2.0
Throwing       | |  1.7
Dodging        | |  0.8
Stealth        | |  3.6

Action                   |  1- 3 |  4- 6 |  7- 9 || total
-------------------------+-------+-------+-------++-------
Melee: Dagger            |   116 |       |       ||   116
       Short sword       |    17 |   185 |    21 ||   223
       Tailslap          |       |       |     6 ||     6
  Use: Scroll            |       |     6 |       ||     6
       Potion            |       |       |     1 ||     1
 Stab: Sleeping          |     4 |    16 |     1 ||    21
Armor: Robe              |    56 |    10 |       ||    66
       Leather armour    |       |    29 |    11 ||    40
Dodge: Dodged            |    69 |    57 |    10 ||   136
Block: Buckler           |       |     9 |     4 ||    13
